 Dungeon Crawl Stone Soup version 0.24-a0-250-g6074511 (webtiles) character file.

Game seed: 6024900695186582014

76013 Borgoz the Slicer (level 16, 0/151 HPs)
             Began as a Kobold Gladiator on Apr 14, 2019.
             Was an Elder of Ashenzari.
             Succumbed to poison (dark miasma)
             ... on level 14 of the Dungeon on Apr 15, 2019.
             The game lasted 01:20:07 (27913 turns).

Borgoz the Slicer (Kobold Gladiator)               Turns: 27913, Time: 01:20:08

Health: 0/151      AC: 28    Str: 17    XL:     16   Next: 0%
Magic:  22/22      EV:  3    Int: 12    God:    Ashenzari [****..]
Gold:   1403       SH:  0    Dex: 17    Spells: 15/22 levels left

rFire    + + .     SeeInvis +   a - +8 quick blade (drain) (curse)
rCold    . . .     Gourm    .   (shield restricted)
rNeg     + + +     Faith    .   (armour currently unavailable)
rPois    +         Spirit   .   (helmet currently unavailable)
rElec    .         Reflect  .   (cloak currently unavailable)
rCorr    .         Harm     .   (gloves currently unavailable)
MR       +....     Clarity  +   (boots currently unavailable) Stlth +++++.....NoTele +
                                (no amulet)
HPRegen  0.00/turn              r - ring of protection from fire
MPRegen  0.18/turn              t - ring of protection from fire

@: lethally poisoned (0 -> -26), tree-form, non-regenerating, badly diseased,
slowed, very slow
A: small, carnivore, clever 1
a: Curse Item, Scrying, Renounce Religion


You were on level 14 of the Dungeon.
You worshipped Ashenzari.
Ashenzari was greatly pleased with you.
You were completely stuffed.
You were a tree.
You visited 4 branches of the dungeon, and saw 21 of its levels.
You also visited: Bailey and Volcano.

You collected 1403 gold pieces.

Inventory:

Hand Weapons
 a - a cursed +8 quick blade of draining (weapon)
 b - the +10 hand axe of Ruadycs {pain, +Blink Dex+2 Stlth+}
   (You found it on level 9 of the Dungeon)

   In the hands of one skilled in necromantic magic, it inflicts extra damage on
   living creatures.
   It affects your dexterity (+2).
   It lets you blink.
   It makes you more stealthy.
 j - a +0 rapier
 m - a cursed +1 dagger of electrocution
 E - a +2 dagger of draining
 T - a +2 short sword of venom
Missiles
 l - 31 tomahawks of returning
 N - a throwing net (quivered)
Armour
 d - a +2 troll leather armour
 e - a +2 hat (melded)
 q - a +2 ring mail of magic resistance (melded)
 G - a +1 cloak (melded)
 I - a cursed +0 pair of boots of stealth
 J - a +2 leather armour of fire resistance
 K - a +2 pair of boots of flying (melded)
 O - the +0 robe of the Dungeon {rElec rPois Slay-2}
   (You found it on level 14 of the Dungeon)

   It affects your accuracy and damage with ranged weapons and melee attacks
   (-2).
   It insulates you from electricity.
   It protects you from poison.
Jewellery
 i - the ring of the Magpie {Ice MR+ Str+5 Dex-3}
   (You found it in a bailey)

   [ring of ice]

   It enhances your ice magic.
   It affects your strength (+5).
   It affects your dexterity (-3).
   It makes you vulnerable to fire.
   It protects you from cold.
   It affects your resistance to hostile enchantments.
 n - an uncursed ring of flight
 p - an uncursed amulet of magic regeneration
 r - a ring of protection from fire (left branch)
 t - a ring of protection from fire (right branch)
 w - an uncursed ring of positive energy
 C - an uncursed ring of positive energy
 D - an uncursed ring of wizardry
 M - a cursed amulet of faith
 Q - an uncursed amulet of harm
 V - an uncursed ring of resist corrosion
Wands
 c - a wand of flame (22)
 h - a wand of disintegration (4)
 k - a wand of polymorph (14)
 y - a wand of clouds (5)
 z - a wand of random effects (11)
 A - a wand of digging (5)
 L - a wand of enslavement (3)
Scrolls
 g - 3 scrolls of remove curse
 s - 8 scrolls of teleportation
 u - a scroll of silence
 x - 6 scrolls of identify
 B - a scroll of amnesia
 F - a scroll of magic mapping
 S - a scroll of holy word
 U - a scroll of fear
Potions
 H - 3 potions of flight
Comestibles
 f - 35 rations


   Skills:
 + Level 11.9 Fighting
 + Level 14.7(17.7) Short Blades
 - Level 3.1 Throwing
 * Level 10.9 Armour
 + Level 13.4 Dodging
 - Level 10.0 Stealth
 - Level 3.9 Spellcasting
 + Level 5.4 Hexes
 - Level 3.0 Translocations
 + Level 9.2 Evocations


You had 15 spell levels left.
You knew the following spells:

 Your Spells              Type           Power        Failure   Level  Hunger
a - Blink                 Tloc           N/A          10%         2    ##.....
b - Regeneration          Chrm/Necr      #.........   56%         3    ###....
c - Slow                  Hex            ###.....     3%          2    ##.....

Your spell library contained the following spells:

 Spells                   Type           Power        Failure   Level  Hunger
 Shroud of Golubria       Chrm/Tloc      #.........   19%         2    ##.....
 Freeze                   Ice            #...         22%         1    #......
 Infusion                 Chrm           #...         22%         1    #......
 Magic Dart               Conj           #...         22%         1    #......
 Sting                    Conj/Pois      #...         22%         1    #......
 Spectral Weapon          Hex/Chrm       #.......     22%         3    ###....
 Call Imp                 Summ           #.......     34%         2    ##.....
 Poisonous Vapours        Pois/Air       #.....       34%         2    ##.....
 Song of Slaying          Chrm           #.......     34%         2    ##.....
 Throw Frost              Conj/Ice       #.....       34%         2    ##.....
 Conjure Flame            Conj/Fire      #.......     56%         3    ###....
 Mephitic Cloud           Conj/Pois/Air  #.......     56%         3    ###....
 Ozocubu's Armour         Chrm/Ice       #.......     56%         3    ###....
 Olgreb's Toxic Radiance  Pois           #.......     92%         4    #####..
 Summon Ice Beast         Ice/Summ       #.......     92%         4    #####..
 Throw Icicle             Conj/Ice       #.......     92%         4    #####..
 Bolt of Magma            Conj/Fire/Erth #.........   99%         5    ######.
 Iskenderun's Battlesphe  Conj/Chrm      #.......     99%         5    ######.
 Venom Bolt               Conj/Pois      #.........   99%         5    ######.
 Freezing Cloud           Conj/Ice/Air   #.........   100%        6    #######
 Iron Shot                Conj/Erth      #.........   100%        6    #######
 Orb of Destruction       Conj           #.........   100%        7    #######
 Ring of Flames           Chrm/Fire      #.........   100%        7    #######
 Spellforged Servitor     Conj/Summ      #.........   100%        7    #######


Dungeon Overview and Level Annotations

Branches:
Dungeon (15/15)            Temple (1/1) D:4            Lair (4/6) D:9
  Swamp (0/4) Lair:4       Spider (0/4) Lair:4          Orc (1/2) D:10
 Vaults (0/5) D:13         Depths (0/5) D:15

Altars:
Ashenzari
Cheibriados
Dithmenos
Elyvilon
Fedhas
Gozag
Hepliaklqana
Kikubaaqudgha
Makhleb
Nemelex Xobeh
Okawaru
Qazlal
Ru
Sif Muna
Trog
Uskayaw
Vehumet
Wu Jian
Xom
Yredelemnul
Zin
The Shining One


Innate Abilities, Weirdness & Mutations

You are small and have problems with some larger weapons.
You are carnivorous and can eat meat at any time.
((You are partially covered in icy blue scales. (AC +2)))
Your mind is acute. (Int +2)
((Armour fits poorly on your strangely shaped body.))


Message History

You feel extremely sick.
* * * LOW HITPOINT WARNING * * *
You feel very sick.
* * * LOW HITPOINT WARNING * * *
You feel very sick.
* * * LOW HITPOINT WARNING * * *
You feel very sick.
* * * LOW HITPOINT WARNING * * *
You feel very sick.
* * * LOW HITPOINT WARNING * * *
You feel very sick.
* * * LOW HITPOINT WARNING * * *
You feel very sick.
* * * LOW HITPOINT WARNING * * *
You feel very sick.
* * * LOW HITPOINT WARNING * * *
You feel very sick.
* * * LOW HITPOINT WARNING * * *
You feel very sick.
You die...

##################......### #
#.........................# #
#####.#############.#.......#.###
#................................
#.###############.###############
#.# ** #.........# ,, , , #.# ,
#.#.#.#.#.#, * * #.# #
,*#..#.#.#..# , ,,{ #.#
###.#.###°#.♣...#.#{ , * * #.#
.○○...)..†.#..)#..# ,*,,
#.#*#☼#.#####.#.....#.#{* ** *,
#.# ,, ,{ #..#.#.#..# ,*, #.# *
*#.#.#.#.#.#,* * #.#* *
#.........# , ,, #.# * ,
*########### ** ** #.# , ,, , , *
{* * * #.# ** * ,* ** ,,, *


There were no monsters in sight!

Vanquished Creatures
  Nessos (Lair:4)
  A red draconian (Volcano)
  6 hydras
  2 centaur warriors
  3 two-headed ogres
  A catoblepas (D:14)
  2 dancing weapons (D:13)
  Urug (D:10)
  An unseen horror (D:14)
  A death drake (shapeshifter) (D:14)
  An obsidian statue (D:13)
  The ghost of Hylith the Grave Robber, a novice DDNe (D:6)
  Pikel (D:6)
  A deep elf mage (D:14)
  A wolf spider (D:13)
  A manticore (D:13)
  13 ugly things
  2 slime creatures (D:12)
  A cyclops (D:13)
  3 elephants (Lair:4)
  7 black mambas
  3 centaur zombies
  4 gargoyles (D:10)
  5 spiny frogs
  2 efreet
  A rime drake (Lair:3)
  5 komodo dragons
  6 trolls
  A hornet (D:12)
  4 polar bears (Lair:2)
  Prince Ribbit (D:7)
  11 blink frogs
  The ghost of TheOvate the Grave Robber, an amateur HONe (D:4)
  6 hippogriffs
  2 meliai zombies (D:13)
  A spriggan (D:8)
  A vampire (D:14)
  4 wraiths
  31 yaks
  7 fire bats (Volcano)
  3 basilisks
  5 wyverns
  3 hungry ghosts
  A steam dragon (D:12)
  A warg (D:10)
  6 vampire mosquitoes (D:13)
  Menkaure (D:4)
  A two-headed ogre zombie (D:10)
  2 insubstantial wisps (D:12)
  16 water moccasins
  A soldier ant (D:7)
  6 porcupines
  6 orc warriors
  6 ice beasts
  6 black bears
  3 phantoms
  6 sky beasts
  2 necrophages
  5 ogres
  16 wolves
  9 centaurs
  12 crocodiles
  12 bullfrogs
  2 water moccasin zombies
  2 wyvern skeletons
  6 scorpions
  3 troll zombies (D:10)
  5 killer bees (D:10)
  4 wights (D:9)
  5 howler monkeys
  6 lava snakes (Volcano)
  4 crimson imps
  2 jellies
  3 orc priests
  3 centaur skeletons
  6 hounds
  17 orc wizards
  A bullfrog skeleton (D:7)
  5 iguanas
  8 worker ants
  4 ogre zombies (D:10)
  3 hound zombies
  4 worker ant zombies
  11 gnolls
  12 adders
  A howler monkey skeleton (D:5)
  7 shadow imps
  A worker ant simulacrum (D:4)
  An ooze (D:1)
  4 adder zombies (D:4)
  An adder skeleton (D:4)
  5 worms
  3 dart slugs
  2 adder simulacra (D:4)
  9 leopard geckos
  45 orcs
  3 ball pythons
  6 giant cockroaches
  7 goblins
  6 hobgoblins
  25 jackals
  4 quokkas
  12 bats
  10 frilled lizards
  A giant cockroach simulacrum (D:4)
  A giant cockroach zombie (D:5)
  2 goblin skeletons (D:10)
  5 goblin zombies (D:10)
  A hobgoblin skeleton (D:10)
  2 hobgoblin zombies (D:10)
  A jackal skeleton (D:8)
  3 jackal zombies (D:4)
  8 kobolds
  2 leopard gecko skeletons
  A leopard gecko zombie (D:4)
  2 orc skeletons (D:10)
  13 orc zombies (D:10)
  A quokka zombie (D:4)
  7 rats
594 creatures vanquished.

Vanquished Creatures (others)
  2 centaurs (D:7)
  A bullfrog (D:7)
  A jelly (D:6)
  An orc wizard (D:7)
  An adder (D:7)
  An orc (D:7)
  4 fungi
  5 plants
16 creatures vanquished.

Grand Total: 610 creatures vanquished

Notes
Turn   | Place    | Note
-------+----------+-------------------------------------------
     0 | D:1      | Borgoz the Kobold Gladiator began the quest for the Orb.
     0 | D:1      | Reached XP level 1. HP: 12/12 MP: 1/1
    75 | D:1      | Reached XP level 2. HP: 4/17 MP: 2/2
   384 | D:1      | Reached XP level 3. HP: 13/21 MP: 3/3
  1060 | D:2      | Reached skill level 5 in Short Blades
  1060 | D:2      | Reached XP level 4. HP: 25/26 MP: 4/4
  1545 | D:3      | Reached XP level 5. HP: 3/31 MP: 5/5
  1943 | D:3      | Reached skill level 6 in Short Blades
  1943 | D:3      | Reached skill level 1 in Armour
  2120 | D:3      | Reached XP level 6. HP: 14/36 MP: 6/6
  2818 | D:4      | Reached skill level 5 in Dodging
  2872 | D:4      | Reached skill level 1 in Stealth
  3003 | D:4      | Reached XP level 7. HP: 3/41 MP: 7/7
  3609 | D:4      | Noticed Menkaure
  3636 | D:4      | Killed Menkaure
  3636 | D:4      | Reached skill level 7 in Short Blades
  3649 | D:4      | Reached XP level 8. HP: 45/48 MP: 8/8
  3977 | D:4      | Noticed TheOvate's ghost (amateur HONe)
  3992 | D:4      | Found a staircase to the Ecumenical Temple.
  4001 | D:4      | Found a runed translucent gate.
  4001 | D:4      | Found a runed translucent gate.
  4001 | D:4      | Found a runed translucent gate.
  4013 | Temple   | Entered the Ecumenical Temple
  4551 | D:4      | Learned a level 2 spell: Blink
  4917 | D:5      | Entered Level 5 of the Dungeon
  5289 | D:5      | Reached skill level 8 in Short Blades
  5957 | D:6      | Found a runed translucent door.
  5960 | D:6      | Noticed Hylith's ghost (novice DDNe)
  6060 | D:6      | HP: 2/48 [poisoned by a worker ant]
  6335 | D:6      | Got a translucent long sword
  6392 | D:6      | Found a shattered altar of Ashenzari.
  6397 | D:6      | Became a worshipper of Ashenzari the Shackled
  6421 | D:6      | Reached XP level 9. HP: 29/53 MP: 9/9
  6589 | D:6      | Found a stormy altar of Qazlal.
  6590 | D:6      | Found a hide-covered altar of Uskayaw.
  6592 | D:6      | Found a glowing golden altar of the Shining One.
  6593 | D:6      | Found a white marble altar of Elyvilon.
  6594 | D:6      | Found a shimmering altar of Xom.
  6646 | D:6      | Reached skill level 5 in Fighting
  7010 | D:6      | Noticed Pikel
  7039 | D:6      | Killed Pikel
  7039 | D:6      | Reached skill level 9 in Short Blades
  7039 | D:6      | Reached skill level 5 in Stealth
  7659 | D:7      | Found a flagged portal.
  7733 | D:7      | Gained mutation: Your body sometimes deteriorates upon
                  | taking damage. [potion of mutation]
  7733 | D:7      | Gained mutation: You have a pair of small horns on your
                  | head. [potion of mutation]
  7737 | D:7      | Reached skill level 1 in Translocations
  7743 | D:7      | Reached skill level 1 in Spellcasting
  7754 | D:7      | HP: 2/54 [phantom (8)]
  7768 | D:7      | Identified the +10 long sword "Foemawem" {venom, rElec
                  | rPois Str+4 Int-5} (You found it on level 6 of the Dungeon)
  7931 | D:7      | Lost mutation: You have a pair of small horns on your head.
                  | [potion of mutation]
  7931 | D:7      | Lost mutation: Your body sometimes deteriorates upon taking
                  | damage. [potion of mutation]
  7931 | D:7      | Gained mutation: You are partially covered in icy blue
                  | scales. (AC +2) [potion of mutation]
  7931 | D:7      | Gained mutation: Armour fits poorly on your strangely
                  | shaped body. [potion of mutation]
  7931 | D:7      | Gained mutation: Your mind is acute. (Int +2) [potion of
                  | mutation]
  7936 | Bailey   | Entered a bailey
  8206 | Bailey   | Identified the ring of the Magpie {Ice MR+ Str+5 Dex-3}
  8448 | Bailey   | Found a bloodstained altar of Trog.
  8509 | D:7      | Reached XP level 10. HP: 52/60 MP: 12/12
  8528 | D:7      | HP: 2/60 [centaur/arrow (13)]
  8761 | D:7      | Reached skill level 10 in Short Blades
  8936 | D:7      | Noticed Prince Ribbit
  9134 | D:7      | Found a shimmering altar of Xom.
  9208 | D:7      | Killed Prince Ribbit
  9441 | D:8      | Reached * piety under Ashenzari
  9782 | D:4      | Killed TheOvate's ghost
 10135 | D:6      | Identified a scroll of acquirement
 10446 | D:8      | Noticed a two-headed ogre
 10853 | D:8      | Killed a two-headed ogre
 10977 | D:9      | Reached skill level 1 in Evocations
 11089 | D:9      | Reached XP level 11. HP: 52/67 MP: 16/16
 11190 | D:9      | Identified the +10 hand axe of Ruadycs {pain, +Blink Dex+2
                  | Stlth+}
 11684 | D:9      | Found a staircase to the Lair.
 12287 | Lair:1   | Entered Level 1 of the Lair of Beasts
 12302 | Lair:1   | Reached skill level 11 in Short Blades
 12314 | Lair:1   | Reached skill level 5 in Armour
 12339 | Lair:1   | Noticed a seven-headed hydra
 12347 | Lair:1   | Killed a seven-headed hydra
 12347 | Lair:1   | Reached skill level 10 in Dodging
 12522 | Lair:1   | Learned a level 3 spell: Regeneration
 13016 | Lair:1   | Noticed a five-headed hydra
 13027 | Lair:1   | Killed a five-headed hydra
 14300 | Lair:1   | Reached XP level 12. HP: 55/75 MP: 17/17
 14863 | Lair:2   | Reached ** piety under Ashenzari
 15014 | Lair:2   | Noticed an eight-headed hydra
 15386 | D:10     | Entered Level 10 of the Dungeon
 15442 | D:10     | Found a staircase to the Orcish Mines.
 15831 | D:10     | Reached skill level 12 in Short Blades
 16563 | D:10     | Reached skill level 5 in Evocations
 16711 | D:10     | Noticed Urug
 16714 | D:10     | Killed Urug
 16888 | D:11     | Noticed a four-headed hydra
 16903 | D:11     | Killed a four-headed hydra
 18196 | D:11     | Reached *** piety under Ashenzari
 18404 | D:12     | Reached XP level 13. HP: 40/80 MP: 18/18
 19632 | D:13     | Noticed a centaur warrior
 19672 | D:13     | Reached skill level 10 in Stealth
 19678 | D:13     | Killed a centaur warrior
 19879 | D:12     | Learned a level 2 spell: Slow
 19939 | Orc:1    | Entered Level 1 of the Orcish Mines
 20262 | Lair:2   | Reached skill level 10 in Fighting
 20692 | Lair:2   | Killed an eight-headed hydra
 20692 | Lair:2   | Reached skill level 1 in Hexes
 21100 | Lair:2   | Reached skill level 13 in Short Blades
 21585 | Lair:3   | Noticed a four-headed hydra
 21858 | Lair:3   | Found a dark tunnel.
 22060 | Volcano  | Entered a volcano
 22367 | Volcano  | Noticed a centaur warrior
 22404 | Volcano  | Killed a centaur warrior
 22418 | Volcano  | Noticed a red draconian
 22464 | Volcano  | Killed a red draconian
 22716 | Volcano  | Found a radiant altar of Vehumet.
 22800 | Lair:3   | Reached XP level 14. HP: 88/88 MP: 19/19
 22997 | Lair:3   | Reached **** piety under Ashenzari
 23529 | Lair:3   | Reached XP level 15. HP: 90/94 MP: 20/20
 23904 | Lair:4   | Found a hole to the Spider Nest.
 23992 | Lair:4   | Reached skill level 14 in Short Blades
 24084 | Lair:4   | Reached skill level 10 in Armour
 24672 | Lair:4   | Found a staircase to the Swamp.
 24842 | Lair:4   | Noticed Nessos
 24858 | Lair:4   | Killed Nessos
 25544 | D:6      | Killed Hylith's ghost
 26768 | D:13     | Reached skill level 5 in Hexes
 26826 | D:13     | Identified the +0 long sword "Ibeuseupn" {venom, Int+2}
                  | (You found it on level 2 of the Lair of Beasts)
 26868 | D:13     | Found a gate to the Vaults.
 27381 | D:14     | Got the uncursed robe of the Dungeon {rElec rPois Slay-2}
 27390 | D:15     | Entered Level 15 of the Dungeon
 27898 | D:14     | Reached XP level 16. HP: 64/99 MP: 22/22
 27911 | D:14     | HP: 6/151 [poison (dark miasma)]
 27913 | D:14     | Succumbed to poison (dark miasma)

Levels and vault maps discovered:
D:1:      minmay_arrival_four_circles, layout_loops_ring
D:2:      layout_rooms, first_ration, grunt_ministairs_7,
          nicolae_underground_beach
D:3:      layout_loops_cross, minmay_misc_feat_alley
D:4:      layout_loops_ring, minmay_temple_entry_enclosed_plants, serial_undead,
          serial_undead_f, serial_undead_c, serial_undead_e, serial_undead_b,
          gammafunk_ghost_icy, kennysheep_doodads, kennysheep_generic_room_3,
          uniq_menkaure
D:5:      layout_loops_ring
D:6:      layout_loops_ring, minitemple, ebering_ghost_sewer_d,
          minmay_lizard_king, uniq_pikel
D:7:      layout_cave_pods, enter_bailey_2, xom_confusion_cloud,
          uniq_prince_ribbit1
D:8:      layout_basic, the_bakery
D:9:      minmay_flawed_box, layout_basic, david_lair_shrubbed
D:10:     cheibrodos_statue_roulette, layout_layer_cave, zombieorc2_lemuel,
          uniq_urug
D:11:     layout_basic, st_stairs_13
D:12:     layout_cave_pools, hex_tiny, hangedman_misty_isle
D:13:     layout_basic, erik_vaults_1, minivault_16
D:14:     minmay_the_grid_4x2 [minmay_the_grid_medium_cups,
          minmay_the_grid_plusring, minmay_the_grid_all_tris,
          minmay_the_grid_spin_star, minmay_the_grid_gridbox,
          minmay_the_grid_rooms, minmay_the_grid_aliased_spiral,
          minmay_the_grid_prize_shrinking_boxes], layout_gridville
D:15:     gammafunk_enter_depths_forms, layout_cave_pools,
          grunt_decor_one_mirror
Temple:   nicolae_temple_elliptical
Lair:1:   layout_cave_pods, serial_bayou_shore_b
Lair:2:   beast_lair_carwin_large_3, layout_misc_corridors, columned_hall_lemuel
Lair:3:   layout_loops_ring, enter_volcano_2, grunt_megastairs_5,
          infiniplex_staircase_pool
Lair:4:   beast_lair_carwin_large_4, layout_cave_pods, swamp_mist,
          nicolae_spider_entry_non_spiders, uniq_nessos
Orc:1:    layout_caves, nicolae_orc_flooded_monolith, uniq_nergalle
Bailey:   bailey_axe_3, bailey
Volcano:  volcano_grotto [vgs_hot_hot_hot]

Skill      XL: |  1  2  3  4  5  6  7  8  9 10 11 12 13 14 15 |
---------------+----------------------------------------------+-----
Dodging        | 4 5 6 7 8 9 10 11 12 13 | 13.4
Short Blades   | 5 6 7 8 9 10 11 12 13 14 | 14.7
Armour         | 1 2 3 4 6 7 9 10 | 10.9
Fighting       | 3 4 6 7 8 9 10 11 | 11.9
Stealth        | 1 2 4 5 6 8 9 10 | 10.0
Throwing       | 3 |  3.1
Translocations | 1 3 |  3.0
Spellcasting   | 1 3 |  3.9
Evocations     | 1 3 5 7 9 |  9.2
Hexes          | 2 3 5 |  5.4

Action                   |  1- 3 |  4- 6 |  7- 9 | 10-12 | 13-15 | 16-18 || total
-------------------------+-------+-------+-------+-------+-------+-------++-------
Melee: Rapier            |    82 |    76 |       |       |       |       ||   158
       Dagger            |       |   216 |   650 |   194 |       |       ||  1060
       Headbutt          |       |       |     3 |       |       |       ||     3
       Quick blade       |       |       |       |   869 |  1539 |       ||  2408
       Hand axe          |       |       |       |       |    11 |       ||    11
Throw: Throwing net      |       |     5 |     6 |       |       |       ||    11
Invok: Curse Item        |       |       |       |     2 |     1 |       ||     3
Evoke: Wand              |       |       |       |    27 |    11 |       ||    38
  Use: Scroll            |       |     8 |     2 |     6 |    19 |       ||    35
       Potion            |       |     1 |    17 |     9 |     8 |     2 ||    37
 Stab: Sleeping          |     1 |     1 |     8 |     9 |    16 |       ||    35
       Held in net/web   |       |     2 |       |       |       |       ||     2
       Invisible         |       |       |     3 |       |       |       ||     3
       Distracted        |       |       |       |     2 |     3 |       ||     5
       Petrified         |       |       |       |       |     1 |       ||     1
  Eat: Chunk             |     9 |     6 |    18 |    36 |    31 |       ||   100
Armor: Leather armour    |    18 |    41 |    74 |    22 |       |       ||   155
       Skin              |       |       |       |    16 |       |       ||    16
       Ring mail         |       |       |       |    53 |    86 |       ||   139
       Troll leather arm |       |       |       |       |    54 |       ||    54
Dodge: Dodged            |    86 |   168 |   510 |   433 |   749 |       ||  1946

Table legend:
 A = Non-vault XP
 B = Vault XP
 C = Vault XP percentage of total XP
 D = Non-vault monster count
 E = Vault monster count
 F = Vault count percentage of total count
                 A         B        C        D         E       F
            +---------+---------+-------+---------+---------+-------
      Total |   55463 |   27391 |  33.1 |     420 |     174 |  29.3
            +---------+---------+-------+---------+---------+-------
        D:1 |      40 |       0 |   0.0 |      24 |       0 |   0.0
        D:2 |      49 |      14 |  22.2 |      19 |       2 |   9.5
        D:3 |     202 |       0 |   0.0 |      34 |       0 |   0.0
        D:4 |     518 |     740 |  58.8 |      38 |      21 |  35.6
        D:5 |     387 |       0 |   0.0 |      18 |       0 |   0.0
        D:6 |     642 |    1498 |  70.0 |      14 |      14 |  50.0
        D:7 |    1057 |     527 |  33.3 |      23 |       3 |  11.5
        D:8 |    1947 |     224 |  10.3 |      23 |       1 |   4.2
        D:9 |     997 |     615 |  38.2 |      18 |       8 |  30.8
       D:10 |    1865 |    3380 |  64.4 |      19 |      41 |  68.3
       D:11 |    3502 |       3 |   0.1 |      14 |       1 |   6.7
       D:12 |    2815 |     878 |  23.8 |      14 |       6 |  30.0
       D:13 |    6820 |    2485 |  26.7 |      38 |       3 |   7.3
       D:14 |    5966 |    4458 |  42.8 |      13 |      13 |  50.0
       D:15 |    4680 |       0 |   0.0 |      14 |       0 |   0.0
     Lair:1 |    6365 |       0 |   0.0 |      25 |       0 |   0.0
     Lair:2 |    4248 |    1804 |  29.8 |      17 |       9 |  34.6
     Lair:3 |    7172 |     511 |   6.7 |      32 |       2 |   5.9
     Lair:4 |    6075 |    5725 |  48.5 |      22 |      26 |  54.2
      Orc:1 |     116 |       0 |   0.0 |       1 |       0 |   0.0
     Bailey |       0 |     421 | 100.0 |       0 |       6 | 100.0
    Volcano |       0 |    4108 | 100.0 |       0 |      18 | 100.0
            +---------+---------+-------+---------+---------+-------
